 Dungeon Sprint DCSS version 0.20-a0-1116-gaa52201 (webtiles) character file.

260 ElephantJack the Carver (level 5, -5/43 HPs)
             Began as a Demonspawn Fighter on May 8, 2017.
             Was a Believer of Wu Jian.
             Slain by a hog (shapeshifter) (8 damage)
             ... in the Dungeon (Sprint IX: "|||||||||||||||||||||||||||||").
             The game lasted 00:01:14 (460 turns).

ElephantJack the Carver (Demonspawn Fighter)         Turns: 460, Time: 00:01:15

Health: -5/43      AC: 18    Str: 21    XL:     5   Next: 95%
Magic:  7/7        EV:  8    Int: 10    God:    Wu Jian [**....]
Gold:   0          SH: 10    Dex: 13    Spells: 4/4 levels left

rFire    . . .     SeeInvis .   o - +2 scimitar (drain)
rCold    + . .     Gourm    .   c - +0 shield
rNeg     . . .     Faith    .   r - +1 chain mail
rPois    .         Spirit   .   q - +0 helmet
rElec    .         Reflect  .   (no cloak)
rCorr    .         Harm     .   (no gloves)
MR       .....     NoTele   +   p - +0 pair of boots
Stlth    ..........             (no amulet)
Regen    0.2/turn               s - +2 ring of evasion
MPRegen  0.1/turn               t - +2 ring of protection

@: mighty, lethally poisoned (-5 -> -18)
A: claws 1, thin metallic scales 2, cold resistance 1
a: Renounce Religion


You were in the Dungeon.
You worshipped Wu Jian.
Wu Jian was pleased with you.
You were not hungry.

You visited 1 branch

Inventory:

Hand Weapons
 a - a +0 long sword
 o - a +2 scimitar of draining (weapon)
Armour
 b - a +0 scale mail
 c - a +0 shield (worn)
 p - a +0 pair of boots (worn)
 q - a +0 helmet (worn)
 r - a +1 chain mail (worn)
Jewellery
 s - a +2 ring of evasion (left claw)
 t - a +2 ring of protection (right claw)
Wands
 n - a wand of iceblast (7/15)
Scrolls
 k - 2 scrolls of blinking
 l - 3 scrolls of remove curse
 m - 2 scrolls of amnesia
Potions
 e - 5 potions of curing
 g - 2 potions of heal wounds
 h - a potion of haste
 i - 4 potions of magic
 j - a potion of invisibility
Comestibles
 f - a bread ration


   Skills:
 + Level 4.7 Fighting
 + Level 8.5 Long Blades
 + Level 4.7 Armour
 + Level 1.0 Dodging
 + Level 4.6 Shields
 * Level 3.9 Evocations


You had 4 spell levels left.
You didn't know any spells.

Dungeon Overview and Level Annotations

Branches:
Dungeon (1/1)

Altars:
Cheibriados
Dithmenos
Elyvilon
Fedhas
Gozag
Hepliaklqana
Kikubaaqudgha
Makhleb
Nemelex Xobeh
Okawaru
Qazlal
Ru
Sif Muna
Trog
Uskayaw
Vehumet
Wu Jian
Xom
Yredelemnul
Zin
The Shining One
Beogh
Jiyva
Lugonu


Innate Abilities, Weirdness & Mutations

You have sharp fingernails.
You are mostly covered in thin metallic scales. (AC +3)
Your flesh is cold resistant. (rC+)


Message History

* * * LOW HITPOINT WARNING * * *
You feel sick. The green ugly thing pecks you.
* * * LOW HITPOINT WARNING * * *
The hog bites you but does no damage.
Unknown command.
You slash the green ugly thing! You drain the green ugly thing!
The green ugly thing is moderately wounded.
* * * LOW HITPOINT WARNING * * *
You feel sick. The hog bites you but does no damage.
The green ugly thing pecks you but does no damage.
You slice the green ugly thing!! You drain the green ugly thing!
The green ugly thing is severely wounded.
* * * LOW HITPOINT WARNING * * *
You feel sick. You block the hog's attack.
The green ugly thing pecks you but does no damage.
Your shield and chain mail prevent you from hitting the green ugly thing.
The green ugly thing is severely wounded.
* * * LOW HITPOINT WARNING * * *
You feel sick. The hog bites you!
You die... ▓▓▓▓▓▓▓▓▓▓▓▓▓▓▓▓▓▓▓▓▓▓▓▓ ...Woau@h....'.....)|..' ▓▓▓▓▓▓▓▓▓▓▓▓▓▓▓▓▓▓▓▓▓▓▓▓

You could see a green ugly thing, a hog shaped shifter, a soldier ant, a wraith and an orc warrior.

Vanquished Creatures
  A necrophage (D)
  A crocodile (D)
  2 hounds (D)
  3 adders (D)
  An ooze (D)
  A leopard gecko (D)
  An orc (D)
  A bat skeleton (D)
  A giant cockroach (D)
  A giant cockroach zombie (D)
  A kobold (D)
  A quokka skeleton (D)
  2 rats (D)
17 creatures vanquished.

Notes
Turn   | Place    | Note
-------+----------+-------------------------------------------
     0 | D        | ElephantJack the Demonspawn Fighter began the quest for the Orb.
     0 | D        | Reached XP level 1. HP: 18/18 MP: 1/1
     6 | D        | Reached skill level 2 in Long Blades
    10 | D        | Reached skill level 3 in Long Blades
    15 | D        | Reached skill level 4 in Long Blades
    15 | D        | Gained mutation: Your flesh is cold resistant. (rC+) [demonic ancestry]
    15 | D        | Reached XP level 2. HP: 24/24 MP: 2/2
    29 | D        | Reached skill level 5 in Long Blades
    33 | D        | Gained mutation: You are partially covered in thin metallic scales. (AC +2) [demonic ancestry]
    33 | D        | Reached XP level 3. HP: 29/29 MP: 3/3
    43 | D        | Reached skill level 7 in Long Blades
    85 | D        | Found a roughly hewn altar of Beogh.
    85 | D        | Found a snail-covered altar of Cheibriados.
    85 | D        | Found a shadowy altar of Dithmenos.
    85 | D        | Found a white marble altar of Elyvilon.
    85 | D        | Found a blossoming altar of Fedhas.
    85 | D        | Found an opulent altar of Gozag.
    86 | D        | Found a hazy altar of Hepliaklqana.
    87 | D        | Found a viscous altar of Jiyva.
    88 | D        | Found an ancient bone altar of Kikubaaqudgha.
    89 | D        | Found a corrupted altar of Lugonu.
    90 | D        | Found a burning altar of Makhleb.
    91 | D        | Found a sparkling altar of Nemelex Xobeh.
    92 | D        | Found an iron altar of Okawaru.
    93 | D        | Found a stormy altar of Qazlal.
    94 | D        | Found a sacrificial altar of Ru.
    95 | D        | Found a deep blue altar of Sif Muna.
    96 | D        | Found a bloodstained altar of Trog.
    97 | D        | Found a hide-covered altar of Uskayaw.
    98 | D        | Found a radiant altar of Vehumet.
    99 | D        | Found an ornate altar of the Wu Jian Council.
   100 | D        | Found a shimmering altar of Xom.
   101 | D        | Found a basalt altar of Yredelemnul.
   102 | D        | Found a glowing silver altar of Zin.
   103 | D        | Found a glowing golden altar of the Shining One.
   107 | D        | Became a worshipper of the Wu Jian Council
   155 | D        | Noticed a necrophage
   155 | D        | Noticed a crocodile
   166 | D        | Killed a crocodile
   166 | D        | Reached * piety under Wu Jian
   166 | D        | Gained mutation: You have sharp fingernails. [demonic ancestry]
   166 | D        | Reached XP level 4. HP: 19/37 MP: 3/5
   166 | D        | Gained mutation: You are mostly covered in thin metallic scales. (AC +3) [demonic ancestry]
   166 | D        | Reached XP level 5. HP: 21/42 MP: 3/6
   172 | D        | Killed a necrophage
   172 | D        | Reached skill level 8 in Long Blades
   172 | D        | Reached skill level 1 in Dodging
   181 | D        | Reached ** piety under Wu Jian
   433 | D        | Noticed a wraith
   433 | D        | Noticed an orc warrior
   433 | D        | Noticed a soldier ant
   433 | D        | Noticed a green ugly thing
   433 | D        | Noticed a salamander
   438 | D        | Noticed a yak
   438 | D        | a salamander changed into a yak
   447 | D        | Noticed a blink frog
   447 | D        | a yak changed into a blink frog
   452 | D        | a blink frog changed into a big kobold
   456 | D        | Noticed a hog
   456 | D        | a big kobold changed into a hog
   460 | D        | Slain by a hog (shapeshifter)

Vault maps used:
D:        linesprint

Skill      XL: |  1  2  3  4  5 |
---------------+----------------+-----
Long Blades    | 4 5 7 8 |  8.5
Armour         | 3 4 |  4.7
Shields        | 3 4 |  4.6
Evocations     | 2 3 |  3.9
Fighting       | 4 |  4.7
Dodging        | 1 |  1.0

Action                   |  1- 3 |  4- 6 || total
-------------------------+-------+-------++-------
Melee: Long sword        |    32 |       ||    32
       Scimitar          |    10 |    40 ||    50
  Use: Potion            |     1 |     2 ||     3
Armor: Scale mail        |     9 |       ||     9
       Chain mail        |     6 |    19 ||    25
Dodge: Dodged            |     8 |     2 ||    10
Block: Shield            |    16 |    19 ||    35
       Rpst.: Long sword |     1 |       ||     1
